[Event "XV American Continental 2022"]
[Site "San Salvador"]
[Date "2022.05.05"]
[Round "5.3"]
[White "Quesada Perez, Yasser"]
[Black "Hungaski, Robert"]
[Result "1/2-1/2"]
[ECO "C47"]
[WhiteElo "2560"]
[BlackElo "2521"]
[Annotator "TA"]
[PlyCount "65"]
[EventDate "2022.05.02"]
[EventCountry "ESA"]
[SourceTitle "playchess.com"]
[Source "ChessBase"]
[SourceQuality "1"]
[TimeControl "40/5400+30:1800+30"]

1. e4 e5 2. Nf3 Nc6 3. Nc3 Nf6 4. d4 exd4 5. Nxd4 Bb4 6. Nxc6 bxc6 7. Bd3 d5 8. Bd2 O-O 9. O-O dxe4 {[%emt 0:16:10] C47: Scotch Four Knights and Four Knights with 4 g3.} 10. Nxe4 Bxd2 11. Nxd2 Bg4 {[%emt 0:00:10] Against Qf3. White has an edge.} 12. Qc1 {[%emt 0:11:11] [#]} Nd5 $146 ({Predecessor:} 12... Re8 13. Re1 Rxe1+ 14. Qxe1 Qd4 15. Nc4 Re8 16. Qd2 g6 17. Re1 Be6 18. Bf1 c5 {0-1 (60) Wang,T (2368)-Panchanathan,M (2500) Charlotte 2021}) 13. Re1 Rb8 14. a3 (14. b3 $14) 14... Qg5 15. Nc4 Nf4 16. Re5 Bf5 {[%csl Gf4][%cal Rg5g2] [#]} 17. Qf1 Nxd3 18. cxd3 Qg6 19. Re3 Rfd8 20. Ne5 Qd6 21. Rc1 c5 {[%emt 0:01:18] The position is equal.} (21... Rxb2 $2 22. Nxc6 Be6 23. Nxd8 Qxd8 24. Qe1 $18) 22. b4 f6 ({Much less strong is} 22... cxb4 23. Nc6 $16) 23. bxc5 Qd5 24. Nf3 Bxd3 25. Qe1 Bg6 26. Qa5 Rd7 27. h3 h6 28. Rce1 c6 29. a4 Qc4 30. Re6 Qd5 31. Re7 Rbb7 32. Rxd7 Qxd7 33. Qc3 {[%emt 0:01:07] Weighted Error Value: White=0.06 (flawless) /Black=0.05 (flawless)} 1/2-1/2

[Event "XV American Continental 2022"]
[Site "San Salvador"]
[Date "2022.05.05"]
[Round "5.4"]
[White "Giron, Jorge Ernesto"]
[Black "Salinas Herrera, Pablo"]
[Result "1/2-1/2"]
[ECO "C79"]
[WhiteElo "2257"]
[BlackElo "2534"]
[Annotator "TA"]
[PlyCount "104"]
[EventDate "2022.05.02"]
[EventCountry "ESA"]
[SourceTitle "playchess.com"]
[Source "ChessBase"]
[SourceQuality "1"]
[TimeControl "40/5400+30:1800+30"]

1. e4 e5 2. Nf3 Nc6 3. Bb5 a6 4. Ba4 Nf6 5. O-O d6 6. d3 b5 7. Bb3 Na5 8. Re1 Be7 9. h3 O-O 10. c4 {[%emt 0:16:38] C90: Closed Ruy Lopez with 7...d6: Early deviations.} c5 {[%emt 0:09:55] [#]} 11. Bd2 $146 ({Predecessor:} 11. Nc3 Be6 12. Nd5 Nxd5 13. cxd5 Bd7 14. Bc2 Nb7 15. Nh2 f5 16. exf5 Bxf5 17. f4 {1-0 (40) Waechter,K-Dittmar,O DDR corr 1984}) 11... Bd7 12. Bxa5 {[%emt 0:18:11] Black has an edge.} Qxa5 13. cxb5 axb5 14. Nc3 Bd8 15. a4 c4 ({Better is} 15... b4 $11 16. Nd5 Nxd5 17. Bxd5 Ra6) 16. dxc4 $14 bxc4 17. Bxc4 Qb4 18. Qd3 Bxa4 19. Nxa4 Rxa4 20. Rxa4 Qxa4 21. b3 Qc6 22. Rc1 {[%emt 0:02:02][%cal Oc4f7] [#] Bxf7+! is the strong threat.} Qb6 23. Rd1 Bc7 24. Nh4 g6 25. Qf3 Kg7 26. g4 Bd8 27. Ng2 Qc6 28. Bd5 Nxd5 29. Rxd5 {[%emt 0:00:05] The position is equal.} Bb6 30. Ne3 Bxe3 31. Qxe3 $11 {[%emt 0:00:05][%mdl 4096] Endgame KQR-KQR} Rb8 32. Kg2 h6 33. Qd3 Rb6 34. Kh2 Qc7 35. Kg2 Qb8 36. b4 Rxb4 37. Rxd6 Qa8 38. Rd5 Qa1 39. Rd7 {[%emt 0:01:50] [#] White wants to mate with Qd5.} Rd4 {[%emt 0:02:00] Inhibits Qd5.} 40. Rxd4 exd4 {[%emt 0:00:02] KQ-KQ} 41. Kf3 Qb2 (41... Qc3 $5 42. Ke2 Qb4 $11) 42. e5 Qb7+ 43. Qe4 Qb3+ 44. Ke2 Qc4+ 45. Kd2 Kf8 46. e6 Qa2+ 47. Kd3 Qxf2 48. exf7 Kxf7 49. Qd5+ Kf6 50. Qd8+ Kf7 {[%emt 0:00:00] aiming for ...Qf1+.} 51. Qd7+ Kf6 {[%emt 0:00:00] And now ...Qe3+ would win.} 52. Qd8+ $1 Kf7 {[%emt 0:00:00] Weighted Error Value: White=0.05 (flawless) /Black=0.07 (flawless)} 1/2-1/2

[Event "XV American Continental 2022"]
[Site "San Salvador"]
[Date "2022.05.05"]
[Round "5.5"]
[White "Krysa, Leandro"]
[Black "Munoz Sanchez, Miguel"]
[Result "1-0"]
[ECO "A43"]
[WhiteElo "2525"]
[BlackElo "2226"]
[Annotator "TA"]
[PlyCount "57"]
[EventDate "2022.05.02"]
[EventCountry "ESA"]
[SourceTitle "playchess.com"]
[Source "ChessBase"]
[SourceQuality "1"]
[TimeControl "40/5400+30:1800+30"]

1. d4 Nf6 2. Nf3 c5 3. d5 e6 4. Nc3 exd5 5. Nxd5 Be7 6. Bf4 {[%emt 0:04:34] Black must now prevent Bc7. A43: Schmid Benoni.} Nxd5 7. Qxd5 Nc6 8. O-O-O {[%emt 0:05:44] White is slightly better.} O-O 9. Bd6 {[%emt 0:04:38] 0x0.001ddfeca605dp-1022s more active pieces. The black rooks are badly placed.} Qa5 10. a3 $1 Re8 {[%emt 0:05:49] [#]} ({Black should try} 10... Bxd6 11. Qxd6 Re8) 11. Ne5 $146 ({Predecessor:} 11. e3 Bxd6 12. Qxd6 Re6 13. Qg3 Rg6 14. Qh4 Rh6 15. Qg5 Rg6 16. Qd5 Ne7 17. Qe4 {1-0 (41) Szekeres,R (2259)-Radics,L (2015) Zalakaros 2012}) 11... Nxe5 12. Qxe5 Kf8 {[%emt 0:00:08] [#]} 13. e3 $1 {[%emt 0:07:09] Bc4 is the strong threat.} Qb6 14. Qg3 Kg8 15. Bc4 {[%emt 0:17:35] aiming for Qe5.} ({But not} 15. Qe5 $6 Qd8 16. Qxc5 (16. Bxc5 Bf6 $16) 16... Bxd6 17. Rxd6 (17. Qxd6 Re6 $16) 17... Re6) 15... Bf6 {[%emt 0:00:16] [#] Prevents Qe5.} 16. c3 $1 Qa5 17. e4 {[%emt 0:06:14] Hoping for e5.} b5 $2 (17... Qd8 18. Qf3 Bg5+ 19. Kb1 Qf6) 18. e5 $2 $40 {[%emt 0:05:18][%mdl 128] White goes for the king.} Be7 $2 {[%emt 0:07:38] [#]} (18... Bg5+ 19. Qxg5 bxc4) 19. Bxf7+ $1 $18 {[%emt 0:01:45][%mdl 512] White is clearly winning.} Kxf7 20. Qf3+ Kg8 21. Qxa8 Bg5+ 22. f4 Bxf4+ 23. Kb1 b4 24. Qd5+ Re6 25. Rhf1 g5 26. cxb4 Qa6 27. g3 Bb7 28. Qxc5 Bg2 29. b5 {[%emt 0:00:25] Black did not feel at home in the position after the opening.  Weighted Error Value: White=0.32/Black=0.64} 1-0

[Event "XV American Continental 2022"]
[Site "San Salvador"]
[Date "2022.05.05"]
[Round "5.6"]
[White "Sarkar, Justin"]
[Black "Kaidanov, Gregory"]
[Result "1/2-1/2"]
[ECO "D50"]
[WhiteElo "2325"]
[BlackElo "2556"]
[Annotator "TA"]
[PlyCount "97"]
[EventDate "2022.05.02"]
[EventCountry "ESA"]
[SourceTitle "playchess.com"]
[Source "ChessBase"]
[SourceQuality "1"]
[TimeControl "40/5400+30:1800+30"]

1. d4 d5 2. c4 e6 3. Nc3 Nf6 4. Bg5 dxc4 5. e3 c5 6. dxc5 {[%emt 0:01:07] D50: Queen's Gambit Declined: Dutch-Peruvian Gambit.} Qxd1+ 7. Rxd1 Bxc5 8. Bxc4 Nbd7 9. Nge2 a6 10. a4 b6 11. O-O Bb7 {[%emt 0:00:28] [#]} 12. Nc1 $146 ({Predecessor:} 12. h3 Rc8 13. Bd3 h6 14. Bf4 g5 15. Bh2 Ke7 16. e4 a5 17. e5 Nd5 18. Nb5 {0-1 (57) Ylipartanen,J (2063)-Rajala,O (2036) ICCF email 2017}) 12... Rc8 13. Be2 Bb4 14. N1a2 Be7 15. f3 Ne5 16. e4 Nfd7 17. Bxe7 Kxe7 18. f4 Nc4 19. Rd4 Na5 ({Don't play} 19... Nxb2 20. Rb1 $16 (20. Rb4 Nxa4 21. Rxa4 Nc5 $16)) 20. Rfd1 Rhd8 21. Kf2 Nb3 22. Rb4 Nbc5 23. e5 a5 24. Rbd4 f6 25. exf6+ Nxf6 26. Bf3 (26. Rxd8 $15 Rxd8 27. Rxd8 Kxd8 28. b4 Nfe4+ 29. Nxe4 Nxe4+ 30. Ke3) 26... Bxf3 (26... Rxd4 $17 27. Rxd4 Bxf3 28. Kxf3 Nb3) 27. Rxd8 $15 Rxd8 28. Rxd8 Kxd8 29. Kxf3 $17 {[%emt 0:00:06][%mdl 4096] Endgame KNN-KNN} Nd3 30. b3 {[%emt 0:00:52] The position is equal.} Kd7 31. g3 Kd6 32. Ke2 Nc5 33. b4 axb4 34. Nxb4 Nfe4 35. Nba2 Nxc3+ 36. Nxc3 $11 {[%emt 0:00:02] KN-KN} Na6 37. Ne4+ Kd5 38. Kd3 h6 39. h3 Nc7 40. Nd2 Na6 {[%emt 0:05:49] [#] White must now prevent ...Nc5+.} 41. Nb3 h5 42. a5 bxa5 43. Nxa5 Nc5+ 44. Ke3 g6 45. Kf3 e5 46. fxe5 Kxe5 47. Nc6+ Kf6 48. Nd4 Nd7 49. Ke4 {Weighted Error Value: White=0.07 (flawless) /Black=0.06 (flawless)} 1/2-1/2

[Event "XV American Continental 2022"]
[Site "San Salvador"]
[Date "2022.05.05"]
[Round "5.7"]
[White "Morovic Fernandez, Ivan"]
[Black "Arias Gaviria, Mario Alexis"]
[Result "1-0"]
[ECO "B42"]
[WhiteElo "2495"]
[BlackElo "2181"]
[Annotator "TA"]
[PlyCount "209"]
[EventDate "2022.05.02"]
[EventCountry "ESA"]
[SourceTitle "playchess.com"]
[Source "ChessBase"]
[SourceQuality "1"]
[TimeControl "40/5400+30:1800+30"]

1. e4 c5 2. Nf3 e6 3. d4 cxd4 4. Nxd4 a6 5. Bd3 Bc5 6. c3 Nc6 7. Be3 {[%emt 0:17:25] [#] B42: Sicilian: Kan Variation: 5 Bd3.} Nxd4 $146 (7... Ne5 {looks sharper.} 8. Be2 d6 9. Nd2 Nf6) ({Predecessor:} 7... Be7 8. Nd2 Nf6 9. O-O O-O 10. f4 d6 11. Kh1 Bd7 12. c4 Rc8 13. Rc1 Nxd4 14. Bxd4 b5 {½-½ (39) Golubev,M (2461)-Morchiashvili,B (2319) Chess.com INT 2021}) 8. cxd4 Ba7 9. Nc3 {[%emt 0:03:17] White is slightly better.} d6 10. Qg4 g6 11. Qg3 {[%emt 0:02:19] Inhibits e5. 0x0.000a0224ed4bdp-1022s more active pieces.} Ne7 12. Rd1 Nc6 13. d5 (13. Bc2 $142) 13... Bxe3 $16 14. Qxe3 Ne5 (14... exd5 $16 15. exd5+ Ne7) 15. Be2 $18 g5 16. O-O Rg8 17. Kh1 Bd7 18. Rd2 Rg6 19. Qd4 (19. dxe6 $18 Bxe6 20. Rfd1) 19... Rc8 20. Rfd1 exd5 21. Nxd5 ({Don't play} 21. Qxd5 Qb6 $14) 21... Rc6 22. b4 b5 23. Ne3 Qb6 24. Qxb6 ({Better is} 24. Qa1 $16) 24... Rxb6 $14 25. Rc1 (25. Nd5 $5 Rb7 26. Ne3 $16) 25... Rc6 26. Rxc6 Bxc6 27. f3 Kd7 28. Kg1 Kc7 29. Kf2 h5 30. Nf5 Rf6 31. Ke3 Bd7 (31... d5 $11) 32. Nd4 ({White should play} 32. f4 $16 gxf4+ 33. Kxf4) 32... Nc6 (32... h4 $11) 33. Nxc6 Bxc6 {[%emt 0:00:01][%mdl 4096] Endgame KRB-KRB} 34. Bd1 Re6 35. Bb3 Re7 36. Bd5 {[%emt 0:00:13] aiming for Rc2.} Kb6 37. Bxc6 Kxc6 {[%emt 0:00:01] KR-KR} 38. Rc2+ Kd7 $1 39. Rc3 f5 40. Kd4 fxe4 41. fxe4 Rf7 (41... Ke6 $11) 42. Rf3 $1 $16 Rg7 43. Kd5 g4 44. Rf5 ({White has to play} 44. Rf6 $18) 44... h4 $14 45. Rh5 h3 46. gxh3 gxh3 47. a3 Kc7 $1 48. Rxh3 Rg5+ 49. Kd4 {[%emt 0:00:00] Hoping for Rh7+.} Rg2 $1 50. Rc3+ (50. Rh8 $16) 50... Kd7 $11 51. h3 {[%emt 0:00:00] White wants to play e5.} Rh2 $2 {[%emt 0:00:20] [#]} (51... Ke6 $11 {and Black has nothing to worry.}) 52. e5 $1 $18 dxe5+ (52... Re2 {was necessary.}) 53. Kxe5 Rh1 54. Kf4 Ke7 55. Kg4 Rd1 56. h4 Rd4+ $2 (56... Rd6 57. Kg5 Kf7) 57. Kg5 Kf7 58. Rc7+ Kg8 59. h5 $2 (59. Rc8+ $18 Kf7 60. Rc7+ Kf8 61. Rc6) 59... a5 $2 (59... Rd5+ $11 60. Kf6 Rd6+ 61. Kg5 Rd5+ 62. Kg6 Rd6+ 63. Kf5 Rd5+ 64. Kg4 Rd4+ 65. Kg5 Rd5+) 60. bxa5 {[%emt 0:00:34] Threatens to win with a6.} Ra4 61. Kg6 Rg4+ 62. Kh6 {[%emt 0:00:07] White wants to mate with a6.} Ra4 63. Rc8+ (63. Rg7+ $142 Kf8 64. Ra7 Rxa3 65. Kg6 Rg3+ 66. Kf6 Rf3+ 67. Ke5) 63... Kf7 64. Rc7+ Kg8 $1 65. Kg6 (65. Rg7+ $142 Kf8 66. Ra7 Rxa3 67. Kg6 Rg3+ 68. Kf6 Rf3+ 69. Ke5) 65... Rg4+ 66. Kf5 Ra4 67. Rc3 $2 (67. Ra7 $18 Rxa3 68. Ke5) 67... Rxa5 $14 {[%emt 0:00:11] ( -> ...b4+)} 68. Ke6 Ra4 $2 {[%emt 0:01:15][%mdl 8192] [#] White leaves nothing to chance now.} (68... Kh7 $14) 69. Rb3 $1 $18 Rh4 70. Rxb5 {Intending Rb4 and mate.} Ra4 71. Rb3 {[%emt 0:00:40] h6 would kill now.} Rh4 72. Kf6 Ra4 73. Rg3+ Kf8 74. Rb3 $2 (74. Rh3 Ra6+ 75. Ke5 Kg7 76. Kd5 Kh6 77. Kc5 Ra8 78. Kb6 Kg7 79. h6+ Kh7 80. Kc5) 74... Ra6+ $2 (74... Kg8 $11) 75. Kg5 {[%emt 0:00:21] Threatening mate with h6.} Kf7 76. Rh3 Ra5+ 77. Kh6 $2 (77. Kf4 {mates} Kg7 78. Ke4 Kh6 79. Kd4 Ra4+ 80. Kc5 Ra8 81. Kb6 Kg7 82. Kb5) 77... Kg8 $2 (77... Ra6+ $11 78. Kg5 Ra5+ 79. Kf4 Kg7) 78. Kg6 {[%emt 0:00:06] White mates.} Ra6+ 79. Kf5 Ra5+ 80. Ke6 Kg7 81. h6+ Kh7 82. Kd6 Ra4 83. Kc5 Rf4 84. Kb5 Rf5+ 85. Kb4 Rf4+ 86. Kb3 Re4 87. a4 Rf4 88. Rh5 Rf8 89. a5 Kg6 90. Rh4 Rf3+ 91. Kb4 Kh7 92. Rh5 Rf6 93. Kb5 Rf1 94. a6 Rb1+ 95. Kc6 Rc1+ 96. Kb6 Rf1 97. a7 Rf6+ 98. Ka5 Rf1 99. Rb5 Rf2 100. Ka6 Rf6+ 101. Rb6 Rf5 102. Rb7+ Kg6 103. a8=Q Rf6+ 104. Rb6 Kh7 105. Qe4+ {[%emt 0:00:21] Weighted Error Value: White=0.21 (precise) /Black=0.31} 1-0

[Event "XV American Continental 2022"]
[Site "San Salvador"]
[Date "2022.05.05"]
[Round "5.8"]
[White "Noboa Silva, Kevin"]
[Black "Jimenez Garcia, Emmanuel"]
[Result "0-1"]
[ECO "E21"]
[WhiteElo "2323"]
[BlackElo "2422"]
[Annotator "TA"]
[PlyCount "134"]
[EventDate "2022.05.02"]
[EventCountry "ESA"]
[SourceTitle "playchess.com"]
[Source "ChessBase"]
[SourceQuality "1"]
[TimeControl "40/5400+30:1800+30"]

1. d4 Nf6 2. c4 e6 3. Nc3 Bb4 4. Nf3 b6 5. Bg5 Bb7 6. e3 h6 7. Bxf6 Bxc3+ 8. bxc3 Qxf6 9. Be2 O-O 10. O-O d6 11. a4 {[%emt 0:03:39] E12: Queen's Indian: Unusual White 4th moves, 4 a3, 4 Nc3 Bb7 5 a3 and 4 Nc3 Bb7 .} (11. Bd3 {seems wilder.} c5 12. Nd2 Qg5 13. Be4) 11... Nc6 12. e4 Na5 {[%emt 0:01:03] [#]} 13. Bd3 $146 {[%emt 0:01:27] Black is slightly better.} ({Predecessor:} 13. e5 Qf4 14. Ne1 dxe5 15. d5 Rad8 16. Nd3 Qxc4 17. Nxe5 Qxc3 18. Nf3 Nb3 19. Rb1 Bxd5 {0-1 (38) Carmo,L (1590)-Petters Merino,O (2064) ICCF email 2013}) 13... c5 14. Rc1 cxd4 15. cxd4 Rac8 16. Rc3 Rc7 17. Qd2 Rfc8 18. Rfc1 $1 Bc6 19. c5 (19. e5 $15 dxe5 20. Nxe5) 19... dxc5 $17 20. dxc5 bxc5 (20... Bxa4 21. Qa2 Be8 22. Ba6 $15) 21. Ba6 Bb7 22. Re3 Bxa6 $19 23. Qxa5 {[%emt 0:00:08] [#]} Qb2 $1 24. Rd1 (24. Ree1 Bd3) 24... Be2 25. Qd2 Qxd2 26. Rxd2 Bxf3 27. gxf3 {[%emt 0:01:55][%mdl 4096] Endgame KRR-KRR} g5 28. Rc3 c4 29. e5 (29. Kg2 {was necessary.}) 29... Rc5 30. Rd4 Kg7 (30... Rxe5 31. Rdxc4 Re1+ 32. Kg2 Rxc4 33. Rxc4) 31. Kg2 Kg6 (31... Rxe5 32. Rdxc4 Rxc4 33. Rxc4) 32. h4 (32. f4 {is a better defense.}) 32... gxh4 33. Rxh4 h5 ({And not} 33... Rxe5 34. Rhxc4 Rg5+ 35. Kh3) 34. Rf4 $2 {[%emt 0:01:55] This costs White the game.} (34. f4 $17 Rd5 35. Rg3+ Kf5 36. Kf3 Rd3+ 37. Ke2) 34... Rxe5 35. Rcxc4 Rg5+ 36. Kf1 Rxc4 37. Rxc4 {[%emt 0:00:02] KR-KR} Kf6 (37... a5 $142 {Hoping for ...Rf5.} 38. f4 Rd5) 38. Rb4 $2 (38. f4 {was forced.} Rd5 39. Kg2) 38... a5 39. Rc4 Rf5 40. Kg2 Ke5 {[%emt 0:00:14] Prevents f4+.} 41. Kg3 Kd5 42. Rc8 Kd6 (42... h4+ $142 43. Kg4 h3) 43. f4 $2 (43. Ra8 {was the only chance.}) 43... h4+ 44. Kg4 {[%emt 0:00:00] [#]} h3 $1 45. f3 ({Of course not} 45. Rh8 Kc5 46. Rxh3 Kb4) 45... Rc5 ({Not} 45... h2 $2 46. Rh8 $19) 46. Rh8 Rc4 47. Kg5 $2 (47. Kg3 Rxa4 48. Ra8) 47... Rxa4 48. Rxh3 Rd4 {[%emt 0:00:00] Strongly threatening ...a4.} 49. Rh8 Rd5+ 50. Kg4 Kc5 {[%emt 0:00:00] Black mates.} 51. Rf8 Rf5 52. Ra8 Kb4 53. Rb8+ Rb5 54. Rf8 f5+ 55. Kg5 a4 56. Ra8 a3 57. Ra6 Ra5 58. Rxe6 a2 59. Re1 a1=Q 60. Rxa1 Rxa1 61. Kxf5 {[%emt 0:00:00] KR-KPP} Kc5 62. Ke5 Kc6 63. Ke6 Kc7 64. f5 Kd8 65. Kf7 Rf1 66. f6 Rxf3 67. Kg7 Ke8 {[%emt 0:00:09] Weighted Error Value: White=0.59/Black=0.10 (very precise)} 0-1

[Event "XV American Continental 2022"]
[Site "San Salvador"]
[Date "2022.05.05"]
[Round "5.9"]
[White "Cervantes Landeiro, Thalia"]
[Black "Valdes Romero, Leonardo"]
[Result "0-1"]
[ECO "E81"]
[WhiteElo "2193"]
[BlackElo "2403"]
[Annotator "TA"]
[PlyCount "136"]
[EventDate "2022.05.02"]
[EventCountry "ESA"]
[SourceTitle "playchess.com"]
[Source "ChessBase"]
[SourceQuality "1"]
[TimeControl "40/5400+30:1800+30"]

1. d4 Nf6 2. c4 g6 3. Nc3 Bg7 4. e4 d6 5. f3 O-O 6. Nge2 c5 7. Be3 cxd4 8. Nxd4 Nc6 9. Qd2 Bd7 10. Nc2 {[%emt 0:01:47] B38: Sicilian: Maroczy Bind with 5...Bg7 and 7...0-0.} Qa5 11. Be2 Rfc8 12. Rc1 {[%emt 0:08:13] White is slightly better.} Ne5 13. b3 a6 14. O-O b5 $1 {[%emt 0:11:32][%cal Rb5c4] Against a4} 15. b4 Qc7 16. c5 dxc5 17. Bxc5 Be6 18. Ne3 {[%emt 0:07:06] [#]} (18. Nd4 $5 ) 18... Rd8 $146 ({Predecessor:} 18... Qb7 19. f4 Rd8 20. Qc2 Nc6 21. e5 Nd7 22. Ne4 a5 23. bxa5 Rxa5 24. a3 b4 {0-1 (48) Gvetadze,S (2266)-Orriols Miro,C (2099) Oropesa del Mar 2001}) 19. Qc2 (19. Ned5 $11 Bxd5 20. Nxd5) 19... Rac8 (19... Bh6 $17 {aiming for ...Ned7.} 20. f4 Ned7 21. Bxe7 Bxf4) 20. f4 {[%emt 0:07:09] [#]} (20. Kh1 $1 $11 {remains equal.}) 20... Ned7 $1 $17 21. e5 (21. Bxe7 $17 {might work better.} Re8 22. Qd2 (22. Bxf6 Nxf6 23. Kh1 Qa7 $17)) 21... Nxc5 $19 22. exf6 Bxf6 23. Ncd1 {[%emt 0:01:32] [#]} Bd4 24. bxc5 {[%emt 0:01:52] [#]} (24. Kh1 Qb6) 24... Qxc5 $2 (24... Qa5 $1 $19 25. Kh1 (25. c6 $2 Bf5 $19) 25... Rxc5 26. Qxc5 Bxc5 27. Rxc5 Qxa2) 25. Qxc5 $17 Rxc5 26. Rxc5 Bxc5 {[%emt 0:00:01] This bishop pair is nice.} 27. Kf2 Bxa2 {[%emt 0:00:19] Black is more active.} (27... Rd2 $17 {Strongly threatening ...Bg4.} 28. Nc3 Bd4) 28. Nc3 $11 Be6 {[%emt 0:00:05][%mdl 1024] Black has compensation.} 29. Ne4 Bd4 30. Rd1 Bc8 (30... Bb6 $5 ) 31. Nc5 Rd6 32. Ne4 Rd7 33. Bf3 a5 34. Rc1 Rd8 35. Ke2 (35. Rd1 $11) 35... a4 ({Black should play} 35... b4 $17 36. Nc5 b3 37. Nxb3 Ba6+ 38. Nc4 a4) 36. Nc2 Bb2 (36... Bb6 $5 ) 37. Rb1 {[%emt 0:00:54] Black continues to play with concentration.} ({Only move:} 37. Rd1 $1 $15 Rxd1 38. Kxd1) 37... a3 $19 38. Nc5 Bf5 39. Rd1 $2 (39. Be4 Bg4+ 40. Bf3) 39... Rc8 40. Nxa3 Rxc5 ({Don't blunder} 40... Bxa3 $2 41. Nb3 $19) 41. g4 Bxa3 42. gxf5 Rxf5 {[%emt 0:00:06][%mdl 4096] Endgame KRB-KRB} 43. Rd5 Bd6 44. Rxf5 (44. Ke3 $142 Rxf4 45. Rd4) 44... gxf5 {[%emt 0:00:05] KB-KB. Black is clearly winning.} 45. Ke3 e6 46. h3 b4 47. Bd1 Kf8 48. Bb3 Ke7 49. Ba4 Bb8 50. Bb3 Kd6 {[%emt 0:01:33] Hoping for ...Kc5.} 51. Kd4 Ba7+ 52. Kd3 Bf2 53. Ba4 Bh4 {[%emt 0:00:24] And now ...Bg3 would win.} 54. Kd4 Bf6+ 55. Kd3 Bg7 {[%emt 0:00:06] ...Bh6 is the strong threat.} 56. Bb3 Bh6 57. Kc4 Bxf4 58. Kxb4 Ke5 59. Kc3 Ke4 60. Ba4 Be3 61. Bc6+ Kf4 62. Kd3 e5 63. Be8 f6 64. Ke2 e4 65. Bd7 Bc5 66. h4 Ke5 67. h5 f4 68. Bb5 f3+ {[%emt 0:00:12] Weighted Error Value: White=0.83/Black=0.37} 0-1

[Event "XV American Continental 2022"]
[Site "San Salvador"]
[Date "2022.05.05"]
[Round "5.10"]
[White "Thavandiran, Shiyam"]
[Black "Montes Orozco, Miguel Angel"]
[Result "1-0"]
[ECO "C48"]
[WhiteElo "2399"]
[BlackElo "2166"]
[Annotator "TA"]
[PlyCount "110"]
[EventDate "2022.05.02"]
[EventCountry "ESA"]
[SourceTitle "playchess.com"]
[Source "ChessBase"]
[SourceQuality "1"]
[TimeControl "40/5400+30:1800+30"]

1. e4 e5 2. Nf3 Nc6 3. Nc3 Nf6 4. Bb5 Bd6 5. d3 a6 6. Ba4 {[%emt 0:00:19] C48: Four Knights: 4 Bb5, replies other than 4...Bb4.} O-O 7. Bg5 b5 8. Bb3 {[%emt 0:00:07] The position is equal.} Be7 9. a3 d6 10. h3 Be6 {[%emt 0:04:07] [#]} 11. Nd5 $146 ({Predecessor:} 11. Bxf6 Bxf6 12. Nd5 g6 13. Nxf6+ Qxf6 14. c3 Bxb3 15. Qxb3 Nd8 16. O-O Ne6 17. Qd1 {½-½ (41) Popovic,P (2446)-Nestorovic,N (2506) Ruma 2017}) 11... h6 12. Bd2 Nb8 13. a4 Nbd7 14. axb5 {[%emt 0:28:15] [#] Nxf6+ is the strong threat.} Bxd5 15. exd5 axb5 16. O-O Rxa1 17. Qxa1 Nc5 18. Ba2 Qa8 19. b4 Na4 20. c4 c6 (20... bxc4 $11 21. dxc4 Ne4) 21. dxc6 $16 Qxc6 22. c5 dxc5 23. Nxe5 ({Much weaker is} 23. Qxe5 Bd6 24. Qf5 Qc8 $11) 23... Qb7 24. Ng6 {[%emt 0:02:50] Strongly threatening bxc5.} Rd8 25. Nxe7+ (25. bxc5 $14 Bxc5 26. Ne5) 25... Qxe7 $11 26. Re1 Qd6 27. bxc5 Nxc5 {[%emt 0:00:40] This move loses the game for Black.} ({Black should play} 27... Qxc5 $14 28. Rc1 Qd6) 28. Bb4 $18 {[%emt 0:00:44] This bishop pair is nice.} Nd5 29. Bxd5 Qxd5 {[%emt 0:00:06] [#]} 30. Re5 $1 Qxd3 31. Rxc5 Qd1+ 32. Qxd1 {[%emt 0:00:05] White is clearly winning.} Rxd1+ {[%emt 0:00:04][%mdl 4096] Endgame KRB-KR} 33. Kh2 Rb1 34. Rxb5 Rb2 35. f3 Kh7 36. Rb6 h5 37. h4 f6 38. Bc5 Rc2 39. Bd6 Rd2 40. Bf4 Rd4 41. Kg3 Ra4 42. Bd2 Ra2 43. Bc3 Kg6 44. Rb7 Rc2 45. Bb2 Kf5 (45... Rc8 $142 46. Rd7 Rc2) 46. Ba3 g5 47. Rb5+ Kg6 48. hxg5 fxg5 49. Be7 g4 50. fxg4 hxg4 51. Rg5+ Kf7 52. Bb4 Kf6 53. Rxg4 Kf5 54. Rf4+ Ke5 55. Rf3 Kd5 {Weighted Error Value: White=0.07 (flawless) /Black=0.30} 1-0

[Event "XV American Continental 2022"]
[Site "San Salvador"]
[Date "2022.05.05"]
[Round "5.11"]
[White "Chavez, Ricardo Ernesto"]
[Black "Juarez Flores, Carlos A."]
[Result "1-0"]
[ECO "C02"]
[WhiteElo "2184"]
[BlackElo "2367"]
[Annotator "TA"]
[PlyCount "53"]
[EventDate "2022.05.02"]
[EventCountry "ESA"]
[SourceTitle "playchess.com"]
[Source "ChessBase"]
[SourceQuality "1"]
[TimeControl "40/5400+30:1800+30"]

1. e4 e6 2. d4 d5 3. e5 c5 4. c3 Nc6 5. Nf3 Qb6 6. a3 f6 7. Bd3 $1 {[%emt 0:00:56] 7.Bd3 is better than 7.b4.} fxe5 {[%emt 0:02:40] C02: French: Advance Variation.} 8. dxe5 g6 9. O-O Bg7 {[%emt 0:00:35] The position is equal.} (9... c4 $5 10. Bc2 Bg7 $15) 10. c4 Nge7 11. Nc3 O-O 12. Bg5 $1 {[%emt 0:07:47] [#]} d4 $146 (12... Qxb2 $2 13. Na4 Qxa1 14. Qxa1 $18) ({Predecessor:} 12... Rf7 13. cxd5 Nxd5 14. Re1 Nxc3 15. bxc3 Bd7 16. Bh4 Rxf3 17. Qxf3 Nxe5 18. Qe2 Nxd3 19. Qxd3 {1-0 (35) Quesada Perez,Y (2622)-Hevia Alejano,C (2471) Chicago 2019}) 13. Na4 (13. Ne4 $5 ) 13... Qc7 14. Re1 ({But not} 14. Nxc5 Nxe5 15. Nxe5 Bxe5 $11) 14... b6 15. b4 $1 cxb4 16. axb4 {[%emt 0:00:50] Hoping for b5.} Nxb4 {[%emt 0:00:03] [#]} ({Better is} 16... Bb7) 17. Nxb6 $1 $16 {[%emt 0:03:36][%mdl 576] Pin} Rb8 18. Nxc8 {[%emt 0:01:06] White is more active.} Rbxc8 19. Nxd4 Rfd8 $2 {[%emt 0:10:46][%mdl 8192] [#] Black cannot hold the game after this.} (19... Nxd3 $16 {is a better chance.} 20. Qxd3 Qd7) 20. Nxe6 $1 $18 {[%emt 0:01:05] White is clearly winning.} Rxd3 21. Nxc7 Rxd1 22. Raxd1 ({Less strong is} 22. Rexd1 Rxc7 23. Rd8+ Kf7 $16) 22... Rxc7 23. Rd8+ Bf8 24. Bh6 $1 Rc8 {[%emt 0:00:02] [#]} 25. Bxf8 $1 {[%emt 0:00:22] aiming for Rxc8.} Rxd8 26. Bxe7 Rb8 27. Bd6 {[%emt 0:00:07] Weighted Error Value: White=0.04 (flawless) /Black=0.56} 1-0